 Dungeon Sprint DCSS version 0.21-a0-49-g7bf2ba4 (webtiles) character file.

4965 Kidiri the Grappler (level 10, -1/98 (99) HPs)
             Began as a Troll Monk on June 10, 2017.
             Was a High Priest of Wu Jian.
             Slain by a tyrant leech (21 damage)
             ... in the Dungeon (Sprint III: "The Ten Rune Challenge").
             The game lasted 00:10:32 (997 turns).

Kidiri the Grappler (Troll Monk)                     Turns: 997, Time: 00:10:33

HP:   -1/98 (99)    AC:  7    Str: 21    XL:     10   Next: 28%
MP:   12/12         EV: 16    Int:  6    God:    Wu Jian [*****.]
Gold: 38            SH:  0    Dex: 15    Spells: 9/9 levels left

rFire    + . .     SeeInvis .     - Unarmed
rCold    . . .     Gourm    +   (no shield)
rNeg     . . .     Faith    .   r - +2 robe {rF+}
rPois    .         Spirit   .   (helmet restricted)
rElec    .         Reflect  .   (no cloak)
rCorr    .         Harm     .   (gloves unavailable)
MR       +....     NoTele   +   (boots unavailable)
Stlth    ++++......             (no amulet)
Regen    0.7/turn               (no ring)
MPRegen  0.2/turn               (no ring)

@: lethally poisoned (-1 -> -2)
A: unfitting armour, claws 3, fast metabolism 3, frail 1, gourmand, magic
resistance 1, regeneration 1, shaggy fur 1, tough skin 2, sturdy frame 1
a: Serpent's Lash, Heavenly Storm, Renounce Religion


You were in the Dungeon.
You worshipped Wu Jian.
Wu Jian was extremely pleased with you.
You were completely stuffed.

You visited 1 branch You collected 38 gold pieces.

Inventory:

Armour
 r - a +2 robe of fire resistance (worn)
Wands
 a - a wand of acid (11/15)
Scrolls
 j - a scroll of immolation
 k - a scroll of identify {unknown}
 l - 3 scrolls of remove curse
 p - 2 scrolls of torment
Potions
 c - a potion of curing
 e - a potion of haste
 f - 2 potions of magic
 g - a potion of berserk rage
 h - a potion of heal wounds
 n - a potion of degeneration {unknown}
 o - 2 potions of flight
 q - a potion of might
Comestibles
 b - 2 bread rations
 d - 10 chunks of flesh
 m - 3 royal jellies


   Skills:
 * Level 9.9 Fighting
 + Level 6.6 Armour
 * Level 10.0 Dodging
 * Level 7.4 Stealth
 * Level 11.7 Unarmed Combat
 + Level 4.1 Evocations


You had 9 spell levels left.
You didn't know any spells.

Dungeon Overview and Level Annotations

Branches:
Dungeon (1/1)

Altars:
Cheibriados
Dithmenos
Elyvilon
Fedhas
Gozag
Hepliaklqana
Kikubaaqudgha
Makhleb
Nemelex Xobeh
Okawaru
Qazlal
Ru
Sif Muna
Trog
Uskayaw
Vehumet
Wu Jian
Xom
Yredelemnul
Zin
The Shining One
Beogh
Jiyva
Lugonu

Annotations:
D exclusion: 3 doors


Innate Abilities, Weirdness & Mutations

You are too large for most types of armour.
You have claws for hands.
Your metabolism is lightning-fast.
You like to eat raw meat.
Your natural rate of healing is unusually fast.
You are covered in fur. (AC +1)
You have very tough skin. (AC +2)
You are frail. (-10% HP)
You are resistant to hostile enchantments. (MR+)
Your movements are slightly less encumbered by armour. (ER -2)


Message History

You feel sick.
You enter the shallow water.
Moving in this stuff is going to be slow.
You feel very sick. The tyrant leech bites you!!
The tyrant leech draws strength from your injuries!
You see here an inedible chunk of flesh.
You feel sick.
There is an open door here.
You enter the shallow water.
Moving in this stuff is going to be slow.
You feel sick.
You feel very sick. The tyrant leech bites you!!
* * * LOW HITPOINT WARNING * * *
The tyrant leech draws strength from your injuries!
You feel sick.
You feel sick.
You feel sick. The tyrant leech bites you!!
You die...

..♣.'.⌠....))..# ≈...#...######'#
....#.⌠.#__#...#+################
....#...#__#..)#....#.#.#...).#..
....#+###__#.).##.#..#.##.###.#..
...÷#.):#__#...'##.#.#.##.#..##..
....#___#__+...#...#..#.†##..'%..
▓▓▓▓▓▓▓▓▓▓▓▓▓▓▓▓▓▓▓▓▓▓▓▓▓▓▓▓▓#...
♣.....♣♣♣♣≈≈≈w@......≈≈≈...#...
♣.≈≈≈≈%♣♣w♣≈≈≈≈≈≈≈≈≈≈≈≈♣♣P.'...
+.....#.%♣♣♣♣♣♣♣♣♣♣♣♣♣♣♣♣PP#...
♣♣♣♣♣♣#.%♣ ♣♣♣##+# ###'♣ .# ##


You could see 2 tyrant leeches.

Vanquished Creatures
  Erolcha (D)
  A deep elf mage (D)
  2 spiny frogs (D)
  A komodo dragon (D)
  A rime drake (D)
  3 wandering mushrooms (D)
  A shadow (D)
  3 redbacks (D)
  A spatial vortex (D)
  A swamp drake (D)
  A necrophage (D)
  5 two-headed ogres (D)
  A water elemental (D)
  A jelly (D)
  A wizard (D)
  Jessica (D)
  A necromancer (D)
  3 humans (D)
  A kobold demonologist (D)
  A wolf (D)
  An ooze (D)
  2 rats (D)
34 creatures vanquished.

Vanquished Creatures (others)
  2 draconian scorchers (D)
  6 hellions (D)
  2 yaktaurs (D)
10 creatures vanquished.

Grand Total: 44 creatures vanquished

Notes
Turn   | Place    | Note
-------+----------+-------------------------------------------
     0 | D        | Kidiri the Troll Monk began the quest for the Orb.
     0 | D        | Reached XP level 1. HP: 22/22 MP: 0/0
    16 | D        | Noticed Jessica
    18 | D        | Killed Jessica
    18 | D        | Reached skill level 1 in Armour
    18 | D        | Reached skill level 4 in Unarmed Combat
    18 | D        | Reached XP level 2. HP: 31/31 MP: 1/1
    18 | D        | Reached XP level 3. HP: 37/37 MP: 2/2
    78 | D        | Killed a hellion
    97 | D        | Gained mutation: Your muscles are strong. (Str +2) [potion of mutation]
    97 | D        | Gained mutation: You are partially covered in icy blue scales. (AC +2) [potion of mutation]
    97 | D        | Gained mutation: You are surrounded by a mild repulsion field. (EV +2) [potion of mutation]
    98 | D        | Lost mutation: You are surrounded by a mild repulsion field. (EV +2) [potion of mutation]
    98 | D        | Gained mutation: Your magical capacity is low. (-10% MP) [potion of mutation]
    98 | D        | Gained mutation: You have a pair of small antennae on your head. [potion of mutation]
    98 | D        | Gained mutation: You are partially covered in thin metallic scales. (AC +2) [potion of mutation]
    99 | D        | Lost mutation: Your magical capacity is low. (-10% MP) [potion of mutation]
    99 | D        | Lost mutation: You are partially covered in thin metallic scales. (AC +2) [potion of mutation]
    99 | D        | Lost mutation: Your muscles are strong. (Str +2) [potion of mutation]
    99 | D        | Lost mutation: You have a pair of small antennae on your head. [potion of mutation]
    99 | D        | Lost mutation: You are partially covered in icy blue scales. (AC +2) [potion of mutation]
    99 | D        | Gained mutation: You tend to lose your temper in combat. [potion of mutation]
    99 | D        | Gained mutation: Your mind is acute. (Int +2) [potion of mutation]
    99 | D        | Gained mutation: Armour fits poorly on your strangely shaped body. [potion of mutation]
    99 | D        | Gained mutation: You are robust. (+10% HP) [potion of mutation]
   100 | D        | Lost mutation: You are robust. (+10% HP) [potion of mutation]
   100 | D        | Lost mutation: You tend to lose your temper in combat. [potion of mutation]
   100 | D        | Lost mutation: Your mind is acute. (Int +2) [potion of mutation]
   100 | D        | Lost mutation: Armour fits poorly on your strangely shaped body. [potion of mutation]
   100 | D        | Gained mutation: Your movements are slightly less encumbered by armour. (ER -2) [potion of mutation]
   100 | D        | Gained mutation: You are frail. (-10% HP) [potion of mutation]
   100 | D        | Gained mutation: You are resistant to hostile enchantments. (MR+) [potion of mutation]
   113 | D        | Killed a hellion
   113 | D        | Killed a hellion
   116 | D        | Killed a hellion
   160 | D        | Killed a hellion
   165 | D        | Noticed a water elemental
   171 | D        | Killed a hellion
   173 | D        | Killed a yaktaur
   177 | D        | Killed a white draconian scorcher
   241 | D        | Killed a yaktaur
   243 | D        | Killed a water elemental
   243 | D        | Reached skill level 5 in Unarmed Combat
   243 | D        | Reached XP level 4. HP: 44/44 MP: 3/3
   271 | D        | Found an ornate altar of the Wu Jian Council.
   271 | D        | Found a roughly hewn altar of Beogh.
   271 | D        | Found an iron altar of Okawaru.
   271 | D        | Found a bloodstained altar of Trog.
   271 | D        | Found a hide-covered altar of Uskayaw.
   271 | D        | Noticed a human
   272 | D        | Noticed a human
   274 | D        | Became a worshipper of the Wu Jian Council
   274 | D        | Reached * piety under Wu Jian
   274 | D        | Reached ** piety under Wu Jian
   280 | D        | Killed a human
   280 | D        | Reached skill level 5 in Fighting
   280 | D        | Reached skill level 5 in Dodging
   280 | D        | Reached skill level 6 in Unarmed Combat
   280 | D        | Reached XP level 5. HP: 45/51 MP: 4/4
   297 | D        | Killed a human
   297 | D        | Reached skill level 7 in Unarmed Combat
   297 | D        | Reached XP level 6. HP: 49/60 MP: 5/5
   327 | D        | Found a glowing silver altar of Zin.
   328 | D        | Found a glowing golden altar of the Shining One.
   328 | D        | Found a white marble altar of Elyvilon.
   328 | D        | Noticed a deep elf mage
   330 | D        | Killed a white draconian scorcher
   331 | D        | Killed a deep elf mage
   331 | D        | Reached skill level 5 in Stealth
   331 | D        | Reached skill level 8 in Unarmed Combat
   331 | D        | Reached XP level 7. HP: 70/70 MP: 6/6
   348 | D        | Found a radiant altar of Vehumet.
   349 | D        | Found a deep blue altar of Sif Muna.
   349 | D        | Found an ancient bone altar of Kikubaaqudgha.
   350 | D        | Reached *** piety under Wu Jian
   391 | D        | Found a basalt altar of Yredelemnul.
   391 | D        | Found a shadowy altar of Dithmenos.
   391 | D        | Found a sacrificial altar of Ru.
   416 | D        | Noticed a shadow
   421 | D        | Reached **** piety under Wu Jian
   423 | D        | Killed a shadow
   423 | D        | Reached skill level 9 in Unarmed Combat
   423 | D        | Reached XP level 8. HP: 63/77 MP: 7/7
   448 | D        | Found a blossoming altar of Fedhas.
   448 | D        | Found a stormy altar of Qazlal.
   448 | D        | Found a snail-covered altar of Cheibriados.
   448 | D        | Found a burning altar of Makhleb.
   448 | D        | Found a shimmering altar of Xom.
   449 | D        | Found a hazy altar of Hepliaklqana.
   449 | D        | Found an opulent altar of Gozag.
   449 | D        | Found a sparkling altar of Nemelex Xobeh.
   449 | D        | Found a corrupted altar of Lugonu.
   449 | D        | Found a viscous altar of Jiyva.
   459 | D        | Reached skill level 1 in Evocations
   489 | D        | Reached skill level 5 in Armour
   553 | D        | Noticed a two-headed ogre
   627 | D        | Killed a two-headed ogre
   659 | D        | Noticed a two-headed ogre
   659 | D        | Noticed Erolcha
   669 | D        | Killed a two-headed ogre
   669 | D        | Reached skill level 10 in Unarmed Combat
   752 | D        | Killed Erolcha
   752 | D        | Reached XP level 9. HP: 58/86 MP: 8/10
   881 | D        | Noticed a wandering mushroom
   886 | D        | Noticed a wandering mushroom
   888 | D        | Killed a wandering mushroom
   888 | D        | Noticed a wandering mushroom
   906 | D        | Killed a wandering mushroom
   906 | D        | Reached skill level 11 in Unarmed Combat
   926 | D        | Killed a wandering mushroom
   938 | D        | Noticed a spiny frog
   938 | D        | Noticed a komodo dragon
   938 | D        | Noticed a spiny frog
   947 | D        | Killed a spiny frog
   947 | D        | Reached XP level 10. HP: 88/95 MP: 11/11
   949 | D        | Reached ***** piety under Wu Jian
   952 | D        | Killed a spiny frog
   967 | D        | Reached skill level 10 in Dodging
   997 | D        | Slain by a tyrant leech

Vault maps used:
D:        dungeon_sprint_mu

Skill      XL: |  1  2  3  4  5  6  7  8  9 10 |
---------------+-------------------------------+-----
Fighting       | 3 4 5 7 8 9 |  9.9
Armour         | 1 2 3 4 5 6 |  6.6
Dodging        | 3 4 5 6 7 9 10 | 10.0
Unarmed Combat | 4 5 6 7 8 9 10 11 | 11.7
Stealth        | 2 3 4 5 6 7 |  7.4
Evocations     | 2 3 4 |  4.1

Action                   |  1- 3 |  4- 6 |  7- 9 | 10-12 || total
-------------------------+-------+-------+-------+-------++-------
Melee: Unarmed           |    29 |    19 |    86 |    12 ||   146
       Punch             |       |       |     5 |       ||     5
Invok: Serpent's Lash    |       |       |     8 |       ||     8
  Use: Potion            |     5 |       |       |       ||     5
       Scroll            |     3 |       |       |       ||     3
 Stab: Sleeping          |       |     1 |     5 |       ||     6
  Eat: Chunk             |     3 |       |    11 |     1 ||    15
Armor: Robe              |     3 |     2 |     8 |     1 ||    14
Dodge: Dodged            |    14 |     9 |    46 |     4 ||    73
